[Event "Late-Titled-Tuesday-Blitz-September-19-2023"]
[Site "Chess.com"]
[Date "2023.09.19"]
[Round "8"]
[White "lamomiajunior"]
[Black "DTChess"]
[Result "1-0"]
[WhiteElo "2650"]
[BlackElo "2526"]
[TimeControl "180+1"]
[EndTime "15:26:48 PDT"]
[Termination "lamomiajunior won by resignation"]

1. d4 e6 2. c4 f5 3. Nc3 Nf6 4. Nf3 d5 5. Bf4 c6 6. e3 Be7 7. Bd3 O-O 8. O-O Ne4 9. h3 Nd7 10. Ne5 Nxe5 11. Bxe5 Bd6 12. Bxd6 Qxd6 13. Qc2 Bd7 14.
Rab1 Rf6 15. f4 Kh8 16. Bxe4 fxe4 17. b4 Rg8 18. h4 h6 19. Rf2 Rg6 20. Rbf1 Qe7 21. h5 Rg3 22. Qd2 Be8 23. f5 exf5 24. Rxf5 g6 25. Re5 Qh4 26. Qf2 gxh5 27. Rxe8 Rxe8 28.
Ne2 Rxg2+ 29. Kxg2 Rg8+ 30. Ng3 Qg5 31. Qf6+ Qxf6 32. Rxf6 Kh7 33. Kh3 dxc4 34. Rf7+ Rg7 35. Rxg7+ Kxg7 36. Nxe4 Kg6 37. Nc3 b5 38. e4 Kg5 39.
Kg3 h4+ 40. Kh3 h5 41. e5 a6 42. a3 1-0

[Event "Late-Titled-Tuesday-Blitz-September-19-2023"]
[Site "Chess.com"]
[Date "2023.09.19"]
[Round "8"]
[White "victormago"]
[Black "SAInt_666"]
[Result "0-1"]
[WhiteElo "2525"]
[BlackElo "2658"]
[TimeControl "180+1"]
[EndTime "15:26:52 PDT"]
[Termination "SAInt_666 won on time"]

1. d4 Nf6 2. c4 e6 3. Nc3 Bb4 4.
Qc2 O-O 5. Nf3 Re8 6. g3 d6 7. Bg2 Nbd7 8. O-O e5 9. dxe5 dxe5 10. Rd1 c6 11. Ng5 Qe7 12. Nce4 h6 13. Nxf6+ Nxf6 14. Nf3 Bc5 15. a3 a5 16. Nh4 e4 17. Bf1 g5 18. Ng2 Bf5 19. Ne3 Bg6 20. Bh3 Rad8 21. Bd2 b6 22. Bc3 Nd7 23. Nf5 Bxf5 24. Bxf5 e3 25.
f3 Ne5 26. Qe4 f6 27. Kg2 Rd6 28. Rxd6 Qxd6 29. Bh3 Kg7 30. Qc2 Bd4 31. Rd1 c5 32.
Bxd4 cxd4 33. b3 Rd8 34. Qf5 Qxa3 35. Qe6 Qd6 36. Qxd6 Rxd6 37. f4 g4 38. fxe5 gxh3+ 39. Kxh3 fxe5 40. Kg4 Rf6 0-1

[Event "Late-Titled-Tuesday-Blitz-September-19-2023"]
[Site "Chess.com"]
[Date "2023.09.19"]
[Round "8"]
[White "Dacean99"]
[Black "emeli_chess"]
[Result "1/2-1/2"]
[WhiteElo "2488"]
[BlackElo "2367"]
[TimeControl "180+1"]
[EndTime "15:26:53 PDT"]
[Termination "Game drawn - insufficient material"]

1. e4 e5 2. Nf3 Nc6 3. d4 exd4 4. Bc4 Nf6 5. e5 d5 6. Bb5 Ne4 7. Nxd4 Bd7 8. Bxc6 bxc6 9. O-O Bc5 10. f3 Ng5 11. f4 Ne4 12. Be3 Bb6 13. c3 c5 14.
Nb3 Bc6 15. N1d2 d4 16. Nxe4 Bxe4 17. cxd4 cxd4 18. Bxd4 O-O 19. Bxb6 axb6 20. Qxd8 Rfxd8 21. Rfd1 Rxd1+ 22. Rxd1 Kf8 23. Nc1 Ke7 24. Rd4 Bf5 25. a3 g5 26. fxg5 Ke6 27. Rc4 c5 28. g4 Bg6 29. h4 Kxe5 30. Kf2 Be4 31. Ke3 Bd5 32.
Rf4 Kd6 33. Rf6+ Be6 34. Nd3 b5 35. h5 b4 36. axb4 cxb4 37. Nxb4 Rb8 38. Nd3 Rb3 39. Kd4 Ke7 40. Rh6 Bxg4 41. Rxh7 Rxd3+ 42. Kxd3 Bf5+ 43. Kd4 Bxh7 44. Ke5 Bc2 45. b4 Bd3 46. h6 Kf8 47.
Kf6 Kg8 48. Ke7 Bb5 49. h7+ Kxh7 50. Kxf7 Bc4+ 51. Kf6 Kg8 52. Kg6 Bb5 53. Kf6 Bc4 54. Ke5 Kg7 55. Kd4 Bf1 56. Ke5 Kg6 57. Kf4 Bb5 58.
Kg4 Bd7+ 59. Kf4 Bb5 60. Ke5 Kxg5 61. Kd6 Bf1 62. Kc5 Kf4 63. b5 Bxb5 1/2-1/2

[Event "Late-Titled-Tuesday-Blitz-September-19-2023"]
[Site "Chess.com"]
[Date "2023.09.19"]
[Round "8"]
[White "Sokoloco"]
[Black "Nf3c5"]
[Result "1-0"]
[WhiteElo "2666"]
[BlackElo "2540"]
[TimeControl "180+1"]
[EndTime "15:26:58 PDT"]
[Termination "Sokoloco won on time"]

1. b3 d5 2. Bb2 Bg4 3. h3 Bh5 4. Nf3 Bxf3 5. exf3 Nf6 6. g3 e6 7. Bg2 g6 8. c4 Bg7 9. cxd5 Qxd5 10. O-O Nc6 11.
Nc3 Qd8 12. f4 O-O 13. Bxc6 bxc6 14. Rc1 Qd3 15. Qe2 Qf5 16. Kh2 Rfd8 17. Na4 Rd5 18.
Rxc6 Rad8 19. Rd1 Ne4 20. d3 Nd6 21. Bxg7 Kxg7 22. Rxc7 Nb5 23. Rc4 Nd4 24. Qe3 h5 25. Nc3 R5d7 26. Ne2 Nb5 27. d4 h4 28. Qe5+ Qxe5 29.
fxe5 hxg3+ 30. Kxg3 Nc7 31. Nc3 Rh8 32. Ra4 Ne8 33. d5 exd5 34. Rxd5 Rc7 35. Ne4 Rc1 36. Rxa7 Nc7 37. Rd7 1-0

[Event "Late-Titled-Tuesday-Blitz-September-19-2023"]
[Site "Chess.com"]
[Date "2023.09.19"]
[Round "8"]
[White "aNaartjieZA"]
[Black "wild3000"]
[Result "1-0"]
[WhiteElo "2593"]
[BlackElo "2468"]
[TimeControl "180+1"]
[EndTime "15:26:59 PDT"]
[Termination "aNaartjieZA won on time"]

1. e4 a6 2. Nf3 e6 3. d3 d5 4.
Nbd2 c5 5. g3 Nf6 6. Bg2 Be7 7.
O-O O-O 8. Re1 Nc6 9. e5 Nd7 10. Nf1 b5 11. h4 Qc7 12. Bf4 Bb7 13. N1h2 a5 14. Ng5 Bxg5 15. hxg5 a4 16. Qh5 Ne7 17. Ng4 Ng6 18. Bf3 d4 19. Bxb7 Qxb7 20. Re4 c4 21.
Rxd4 cxd3 22. cxd3 Rfd8 23. Rd6 Ndf8 24. Nf6+ Kh8 25.
Ne4 Rxd6 26. Nxd6 Qd7 27. Rc1 Kg8 28. Qf3 Rd8 29. d4 Qa7 30. Be3 Qb8 31. Qxf7+ Kh8 32.
Rc7 Nd7 33. Rxd7 Rg8 34. Qxe6 Qf8 35. Nf7+ 1-0

[Event "Late-Titled-Tuesday-Blitz-September-19-2023"]
[Site "Chess.com"]
[Date "2023.09.19"]
[Round "8"]
[White "egnfanclub"]
[Black "Orest_Vovk"]
[Result "0-1"]
[WhiteElo "2370"]
[BlackElo "2560"]
[TimeControl "180+1"]
[EndTime "15:27:00 PDT"]
[Termination "Orest_Vovk won by resignation"]

1. e4 g6 2. Nc3 Nf6 3. f4 d5 4.
e5 d4 5. exf6 dxc3 6. fxe7 cxd2+ 7. Bxd2 Qxe7+ 8. Qe2 Qxe2+ 9. Bxe2 Bg7 10. O-O-O O-O 11.
Nf3 Nc6 12. Bb5 Nd4 13. Nxd4 Bxd4 14. Bb4 Be3+ 15. Kb1 c5 16. Rhe1 Bg4 17. Rd3 cxb4 18. Rdxe3 Be6 19. h3 h5 20. Rd1 a6 21. Bd3 Rfd8 22.
Rg1 Rd4 23. Rf1 Rad8 24. b3 Kg7 25. f5 Bxf5 26. Bxf5 Rd1+ 27. Rxd1 Rxd1+ 28. Kb2 gxf5 29. Rf3 Kg6 30. Rf4 a5 31. g4 fxg4 32. hxg4 h4 33.
Rf5 Rg1 34. Rxa5 Rxg4 35. Ra8 Kg7 36. Ra5 Rg6 37. Rh5 Rh6 38. Rg5+ Kf6 39. Rg1 h3 40.
Rh1 h2 41. c4 Kf5 42. Kc2 Kf4 0-1

[Event "Late-Titled-Tuesday-Blitz-September-19-2023"]
[Site "Chess.com"]
[Date "2023.09.19"]
[Round "8"]
[White "TEREZANA"]
[Black "AEMEffi"]
[Result "1-0"]
[WhiteElo "2492"]
[BlackElo "2321"]
[TimeControl "180+1"]
[EndTime "15:27:01 PDT"]
[Termination "TEREZANA won by checkmate"]

1. d4 d5 2. Nf3 c6 3. Bf4 Nf6 4. e3 e6 5. c4 Bd6 6. Bxd6 Qxd6 7. Nc3 O-O 8. Be2 a6 9. cxd5 exd5 10. O-O Bf5 11. Bd3 Bxd3 12. Qxd3 Nbd7 13. Rac1 Rfe8 14. a3 g6 15. Na4 b6 16. Rc2 c5 17. dxc5 bxc5 18. Rfc1 Rac8 19. h3 Ne4 20. Rd1 Ndf6 21. Nc3 Red8 22. Nxe4 Nxe4 23. Nd2 Qf6 24. Nxe4 dxe4 25.
Qe2 Rxd1+ 26. Qxd1 Rd8 27. Rd2 Rxd2 28. Qxd2 Qe5 29.
g3 h5 30. h4 Kg7 31. Kg2 Qf6 32. Qd5 Qxb2 33. Qxc5 Qf6 34. Qd5 Qf3+ 35. Kg1 f5 36. Qe5+ Kh6 37. Qh8# 1-0

[Event "Late-Titled-Tuesday-Blitz-September-19-2023"]
[Site "Chess.com"]
[Date "2023.09.19"]
[Round "8"]
[White "Mike24147"]
[Black "lluiss"]
[Result "0-1"]
[WhiteElo "2338"]
[BlackElo "2262"]
[TimeControl "180+1"]
[EndTime "15:27:02 PDT"]
[Termination "lluiss won on time"]

1. e4 c5 2. Nf3 d6 3. Bb5+ Nd7 4.
Ba4 Nf6 5. O-O Nxe4 6. Re1 Nf6 7. d4 e6 8. dxc5 dxc5 9. Nc3 Be7 10. Bf4 O-O 11. Nb5 a6 12. Bc7 Qe8 13. Nd6 Bxd6 14. Bxd6 b5 15. c4 bxa4 16. Bxf8 Nxf8 17. Re5 Qc6 18.
Qd8 Bb7 19. Qe7 Ng6 20. Qxc5 Nxe5 21. Qxe5 Qxc4 22. Rd1 Bxf3 23. gxf3 h6 24. Kh1 Qxa2 25. Rg1 Kh8 26. Qg3 Rg8 27. Qe5 Nd5 28. h3 Qb3 29.
Qd4 Qxf3+ 30. Kh2 Qf4+ 31. Qxf4 Nxf4 32. Ra1 Rb8 33. Rxa4 Nd3 34. Rxa6 Nxf2 35. Ra2 Nd3 36. Ra7 Kg8 0-1

[Event "Late-Titled-Tuesday-Blitz-September-19-2023"]
[Site "Chess.com"]
[Date "2023.09.19"]
[Round "8"]
[White "Bilan_Danila"]
[Black "Rodalquilar"]
[Result "0-1"]
[WhiteElo "2573"]
[BlackElo "2749"]
[TimeControl "180+1"]
[EndTime "15:27:03 PDT"]
[Termination "Rodalquilar won on time"]

1. d4 d5 2. Nf3 Nf6 3. c4 e6 4. Nc3 a6 5. cxd5 exd5 6. Bg5 Be6 7.
e3 Nbd7 8. Bd3 Bd6 9. O-O c6 10. Qc2 Qc7 11. Bh4 h6 12. Bg3 Bxg3 13. hxg3 Qd6 14. Na4 O-O 15. Nc5 Nxc5 16. dxc5 Qe7 17. Nd4 Ng4 18. Bf5 Bxf5 19. Qxf5 Nf6 20. b4 Ne4 21.
Qf4 Rfe8 22. Rfd1 Qf8 23. Rd3 g6 24. Rdd1 h5 25. g4 hxg4 26. Qxg4 Re5 27. Kf1 Qh6 28. Rdc1 Nxf2 29. Nf3 Nxg4 0-1

[Event "Late-Titled-Tuesday-Blitz-September-19-2023"]
[Site "Chess.com"]
[Date "2023.09.19"]
[Round "8"]
[White "Zhigalko_Sergei"]
[Black "Sina_Movahed"]
[Result "0-1"]
[WhiteElo "2837"]
[BlackElo "2986"]
[TimeControl "180+1"]
[EndTime "15:27:08 PDT"]
[Termination "Sina_Movahed won on time"]

1. e4 c5 2. Nf3 d6 3. d4 cxd4 4.
Qxd4 Nc6 5. Bb5 Bd7 6. Bxc6 Bxc6 7. Nc3 Nf6 8. Bg5 e6 9. O-O-O Be7 10. Rhe1 O-O 11.
Kb1 h6 12. Bh4 Qa5 13. Qd2 Qh5 14. h3 Rfd8 15. g4 Qc5 16. g5 hxg5 17. Bxg5 b5 18. Be3 Qh5 19. Ng5 Nh7 20. Rg1 d5 21. Nxh7 dxe4 22.
Bd4 e5 23. Bxe5 Qxe5 24. Qh6 b4 25. Qxc6 bxc3 26. Rd7 Rxd7 27. Qxa8+ Rd8 28. Qxa7 Kxh7 29. b3 Qd6 30. a4 Qa3 0-1

[Event "Late-Titled-Tuesday-Blitz-September-19-2023"]
[Site "Chess.com"]
[Date "2023.09.19"]
[Round "8"]
[White "Tonychess32"]
[Black "DefiantChair"]
[Result "0-1"]
[WhiteElo "2505"]
[BlackElo "2603"]
[TimeControl "180+1"]
[EndTime "15:27:08 PDT"]
[Termination "DefiantChair won by resignation"]

1. e4 c5 2. Nf3 d6 3. c3 Nf6 4. Bd3 Nc6 5. Bc2 Bg4 6. h3 Bxf3 7. Qxf3 e5 8. O-O Be7 9. d3 Rg8 10. Ba4 g5 11. Qf5 g4 12. h4 Qd7 13. Qxd7+ Nxd7 14. g3 a6 15. Be3 b5 16. Bb3 Rc8 17. Nd2 Na5 18. Bc2 Nf6 19. Kh2 d5 20. Bg5 d4 21. a4 b4 22. cxb4 cxb4 23. Rac1 Nd7 24. Bxe7 Kxe7 25. Bb3 Nc5 26. Bc2 b3 27. Bd1 Nxd3 28.
Rxc8 Rxc8 29. Bxg4 Rc2 30. Nf3 Nxf2 31. Bh5 Nxe4+ 32.
Kh3 Nf2+ 33. Kg2 Ng4+ 34. Kg1 Ne3 35. Rf2 Rxf2 36. Kxf2 Nd1+ 37. Ke1 Nxb2 38. Nxe5 Nxa4 39. Kd2 Nc3 40. Kc1 f6 41. Nf3 Nc4 42. Nxd4 b2+ 0-1

[Event "Late-Titled-Tuesday-Blitz-September-19-2023"]
[Site "Chess.com"]
[Date "2023.09.19"]
[Round "8"]
[White "Mesa_1"]
[Black "leoduarte"]
[Result "1-0"]
[WhiteElo "2599"]
[BlackElo "2498"]
[TimeControl "180+1"]
[EndTime "15:27:08 PDT"]
[Termination "Mesa_1 won on time"]

1. e4 c5 2. Nf3 e6 3. d4 cxd4 4.
Nxd4 Nf6 5. Nc3 Nc6 6. Ndb5 Bc5 7. Nd6+ Ke7 8. Bf4 e5 9. Nf5+ Kf8 10. Bg5 d6 11. Bc4 Be6 12. Bb3 h6 13. Bxf6 Qxf6 14. O-O Bxf5 15. Nd5 Qd8 16. exf5 Ne7 17. f6 Nxd5 18.
fxg7+ Kxg7 19. Qxd5 Qe7 20. Kh1 Rhf8 21. Rad1 Kh7 22. c3 f5 23. Bc2 e4 24. f3 e3 25.
Bxf5+ Kh8 26. Rfe1 Rae8 27. Be4 Qg7 28. Re2 Rf7 29. Qd3 Re5 30. g3 Rh5 31. Bg6 Rxf3 32. Bxh5 Rf8 33. Qg6 Qxg6 34. Bxg6 Kg7 35. Bd3 a5 36.
Kg2 1-0

[Event "Late-Titled-Tuesday-Blitz-September-19-2023"]
[Site "Chess.com"]
[Date "2023.09.19"]
[Round "8"]
[White "filipluczak05"]
[Black "Haykoooo0o"]
[Result "1-0"]
[WhiteElo "2581"]
[BlackElo "2467"]
[TimeControl "180+1"]
[EndTime "15:27:08 PDT"]
[Termination "filipluczak05 won by checkmate"]

1. d4 d5 2. Nc3 Nf6 3. Bf4 a6 4. e3 c5 5. dxc5 Nc6 6. a3 e5 7. Bg5 d4 8. exd4 exd4 9. Qe2+ Be6 10. Ne4 Be7 11. Bxf6 Bxf6 12. Nd6+ Kf8 13. O-O-O b6 14. Qf3 Ne5 15. Qg3 bxc5 16. Ne4 Nd7 17. Nf3 Qb8 18. Qxb8+ Rxb8 19. Bxa6 d3 20. Nxf6 Nxf6 21. Rxd3 Ke7 22. Re1 Rhd8 23. Ng5 Kf8 24. Rxd8+ Rxd8 25. Rxe6 fxe6 26.
Nxe6+ Ke7 27. Nxd8 Kxd8 28. b4 Kc7 29. f3 Kb6 30.
Bc4 Nd7 31. Kd2 Ne5 32. Be2 Nc6 33. c3 h6 34. Ke3 g5 35. Ke4 Nd8 36. Kf5 Nc6 37. Bd3 cxb4 38. axb4 Ne7+ 39. Ke6 Nc6 40. Be4 Na7 41. c4 Nc8 42. Kd7 Na7 43. Bd3 h5 44. c5+ Kb7 45. b5 h4 46. g3 hxg3 47. hxg3 g4 48. fxg4 Kb8 49. g5 Nc8 50. g6 Ka7 51. Kxc8 Ka8 52. Kc7 Ka7 53. b6+ Ka8 54. Be4# 1-0

[Event "Late-Titled-Tuesday-Blitz-September-19-2023"]
[Site "Chess.com"]
[Date "2023.09.19"]
[Round "8"]
[White "SpeedofLight0"]
[Black "Bauman_Guy"]
[Result "1-0"]
[WhiteElo "3091"]
[BlackElo "2905"]
[TimeControl "180+1"]
[EndTime "15:27:09 PDT"]
[Termination "SpeedofLight0 won by resignation"]

1. d4 Nf6 2. Bf4 g6 3. Nc3 d5 4. Qd2 c5 5. e3 Nc6 6. Nf3 Bg7 7. h4 a6 8. dxc5 Bf5 9. Nd4 Bd7 10. a3 O-O 11. Be2 Re8 12. Nxc6 bxc6 13. Be5 Ne4 14. Qd4 f6 15. Bh2 e5 16. Qd3 Nxc5 17. Qd2 Be6 18. Rd1 a5 19. b4 axb4 20. axb4 Na4 21. O-O Qb6 22. Rb1 f5 23. Nxa4 Rxa4 24. h5 Bf7 25. b5 c5 26. Ra1 Rea8 27. Rxa4 Rxa4 28. Rb1 e4 29. c4 d4 30. exd4 Bxd4 31. h6 Be6 32.
Bf4 Kf7 33. Be3 Ra3 34. Bxd4 cxd4 35. Qb4 Ra2 36. c5 Qb8 37. Qxd4 Rxe2 38. Qg7+ Ke8 39.
Qh8+ 1-0

[Event "Late-Titled-Tuesday-Blitz-September-19-2023"]
[Site "Chess.com"]
[Date "2023.09.19"]
[Round "8"]
[White "K_A_S_T_O_R"]
[Black "chessdjw"]
[Result "0-1"]
[WhiteElo "2901"]
[BlackElo "2689"]
[TimeControl "180+1"]
[EndTime "15:27:12 PDT"]
[Termination "chessdjw won by resignation"]

1. e4 e5 2. Nf3 Nc6 3. Bb5 a6 4. Ba4 Nf6 5. O-O Be7 6. Re1 b5 7. Bb3 O-O 8. h3 d6 9. c3 Nb8 10. d4 Nbd7 11. Nbd2 Bb7 12. Bc2 Re8 13. a4 Bf8 14.
Bd3 c6 15. b3 g6 16. Bb2 Nh5 17. Qc2 Nf4 18. Bf1 exd4 19. cxd4 d5 20. g3 dxe4 21.
Nxe4 Nd5 22. Ne5 Nxe5 23. dxe5 Qb6 24. a5 Qc7 25. Red1 Rxe5 26. Rxd5 Rxe4 27. Qc3 f6 28.
Qxf6 Bg7 29. Qxg7+ Qxg7 30. Bxg7 cxd5 31. Bh6 Rae8 32.
Bd2 d4 33. Rc1 Rc8 34. Rd1 Re6 35. Bf4 Bf3 36. Rxd4 Re1 37. Rd2 Rxf1+ 0-1

[Event "Late-Titled-Tuesday-Blitz-September-19-2023"]
[Site "Chess.com"]
[Date "2023.09.19"]
[Round "8"]
[White "GadimbayliA"]
[Black "Alphafischer2019"]
[Result "1/2-1/2"]
[WhiteElo "2828"]
[BlackElo "2633"]
[TimeControl "180+1"]
[EndTime "15:27:13 PDT"]
[Termination "Game drawn by repetition"]

1. e4 c5 2. Nf3 Nc6 3. Bb5 g6 4.
Bxc6 dxc6 5. d3 Bg7 6. h3 Qc7 7. Nc3 e5 8. Be3 b6 9. Qd2 Nf6 10. Bh6 O-O 11. O-O Nh5 12. Bxg7 Nxg7 13. Ne2 f6 14.
Nh2 g5 15. Ng3 h5 16. Rfe1 h4 17. Ngf1 Be6 18. Ne3 Qd7 19. Qe2 Rfd8 20. b3 Qf7 21. Qf3 Qg6 22. Rad1 Rd7 23. Rd2 Nh5 24. Nhg4 Nf4 25.
g3 hxg3 26. fxg3 Nxh3+ 27. Kg2 Nf4+ 28. gxf4 gxf4 29. Nf5 Rg7 30. Nxg7 Bxg4 31. Qf2 Kxg7 32. Rg1 Rh8 33. Kf1 Rh3 34. b4 Re3 35. Qh4 Rf3+ 36.
Ke1 Re3+ 37. Kf1 Rf3+ 38. Ke1 Re3+ 39. Kf1 1/2-1/2

[Event "Late-Titled-Tuesday-Blitz-September-19-2023"]
[Site "Chess.com"]
[Date "2023.09.19"]
[Round "8"]
[White "Cipy77"]
[Black "Defenstrator"]
[Result "1-0"]
[WhiteElo "2495"]
[BlackElo "2338"]
[TimeControl "180+1"]
[EndTime "15:27:14 PDT"]
[Termination "Cipy77 won by checkmate"]

1. c4 g5 2. Nc3 Bg7 3. d3 g4 4. h3 g3 5. fxg3 e6 6. Nf3 d5 7. cxd5 exd5 8. Bf4 c6 9. g4 Ne7 10.
e3 Ng6 11. Qd2 O-O 12. d4 Re8 13. Kf2 Nd7 14. Bd3 Nf6 15. Rhe1 Ne4+ 16. Bxe4 dxe4 17.
Ng5 Nxf4 18. exf4 e3+ 19. Rxe3 Bxd4 20. Nge4 Qh4+ 21. Kg1 Bxe3+ 22. Qxe3 Be6 23. g5 Red8 24. Nf6+ Kg7 25. Qe5 Kf8 26. Nce4 Bd5 27. Nd6 Rxd6 28. Qxd6+ Kg7 29. Qe5 Kf8 30. Re1 Be6 31. Rd1 Re8 32.
Qd6+ Kg7 33. Nxe8+ Kg6 34. Qd4 Kf5 35. Qe5+ Kg6 36.
Qf6+ Kh5 37. Ng7# 1-0

[Event "Late-Titled-Tuesday-Blitz-September-19-2023"]
[Site "Chess.com"]
[Date "2023.09.19"]
[Round "8"]
[White "dawid498"]
[Black "ElDivis"]
[Result "1-0"]
[WhiteElo "2669"]
[BlackElo "2523"]
[TimeControl "180+1"]
[EndTime "15:27:15 PDT"]
[Termination "dawid498 won on time"]

1. e4 c5 2. Nf3 d6 3. Nc3 Nf6 4. e5 dxe5 5. Nxe5 Nbd7 6. d4 e6 7. Bb5 a6 8. Bxd7+ Nxd7 9. Qh5 Nxe5 10. dxe5 Be7 11. Qg4 Kf8 12. O-O b5 13. Rd1 Qc7 14.
Bg5 Bb7 15. Bxe7+ Qxe7 16. Ne4 h5 17. Qf4 h4 18. a4 g5 19. Qe3 g4 20. Nxc5 g3 21. Nxb7 gxh2+ 22. Kxh2 Qxb7 23. axb5 Qxb5 24. Rd4 Rh5 25. f4 Rc8 26. c3 Qxb2 27. Rad1 Qxc3 28. R1d3 Qc7 29. Qf3 Qc6 30. Qxh5 1-0

[Event "Late-Titled-Tuesday-Blitz-September-19-2023"]
[Site "Chess.com"]
[Date "2023.09.19"]
[Round "8"]
[White "cassoulet"]
[Black "kuli4ik"]
[Result "0-1"]
[WhiteElo "2774"]
[BlackElo "2961"]
[TimeControl "180+1"]
[EndTime "15:27:18 PDT"]
[Termination "kuli4ik won by resignation"]

1. d4 g6 2. e4 Bg7 3. Nc3 a6 4. h4 h6 5. a4 d6 6. Bc4 e6 7. Nge2 b6 8. h5 g5 9. Ng3 Nc6 10. Be3 Nge7 11. Qd2 d5 12. Be2 dxe4 13. Ngxe4 f5 14.
Nxg5 hxg5 15. Bxg5 Qxd4 16. Bd3 Nb4 17. h6 Nxd3+ 18. cxd3 Bf6 19. Rh4 Qe5+ 20. Kf1 Bxg5 21. Qxg5 Rg8 22. Qh5+ Kd7 23. d4 Qf6 24. h7 Rh8 25.
Re1 Bb7 26. Ne2 Ng6 27. Rh3 Raf8 28. Rc1 Kc8 29. Qh6 f4 30. f3 Ne7 31. Qh5 Rf7 32.
a5 Rfxh7 33. Qxh7 Rxh7 34. Rxh7 bxa5 35. Kf2 Nd5 36. Rch1 Bc6 37. Rc1 Kb7 38. Rc5 Bb5 39. Rc2 Bd3 40. Rd2 Bxh7 0-1

[Event "Late-Titled-Tuesday-Blitz-September-19-2023"]
[Site "Chess.com"]
[Date "2023.09.19"]
[Round "8"]
[White "KaydenTroffChess"]
[Black "Mikhail_Golubev"]
[Result "0-1"]
[WhiteElo "2763"]
[BlackElo "2588"]
[TimeControl "180+1"]
[EndTime "15:27:19 PDT"]
[Termination "Mikhail_Golubev won by resignation"]

1. d4 Nf6 2. Nf3 d6 3. Bg5 Nbd7 4. Nbd2 e5 5. e3 Be7 6. c3 e4 7. Ng1 d5 8. Ne2 O-O 9. c4 c6 10. Nc3 a6 11. c5 Re8 12. Be2 Nf8 13. Bf4 Ne6 14.
Bg3 g6 15. Na4 Nd7 16. O-O f5 17. f3 Bh4 18. Qe1 Bxg3 19. Qxg3 f4 20. Qf2 fxe3 21.
Qxe3 exf3 22. Qxf3 Nxd4 23. Qf7+ Kh8 24. Bd1 Rf8 25. Qxf8+ Nxf8 26. Nb6 Rb8 27. Nf3 Nxf3+ 28. Bxf3 Ne6 29. Bg4 Nxc5 30. Nxc8 Rxc8 31. Bxc8 Qxc8 32. Rf7 Qe6 33. Raf1 Kg8 34. Rf8+ Kg7 35. R8f3 d4 36. Kh1 d3 37. R3f2 Ne4 38. Rf3 Nd2 0-1

[Event "Late-Titled-Tuesday-Blitz-September-19-2023"]
[Site "Chess.com"]
[Date "2023.09.19"]
[Round "8"]
[White "IMSlavin"]
[Black "stasOR4ik"]
[Result "0-1"]
[WhiteElo "2297"]
[BlackElo "2441"]
[TimeControl "180+1"]
[EndTime "15:27:19 PDT"]
[Termination "stasOR4ik won by checkmate"]

1. e4 c6 2. d4 d5 3. e5 c5 4. c4 cxd4 5. Qxd4 Nc6 6. Qxd5 Qxd5 7. cxd5 Nxe5 8. Bf4 Ng6 9. Bb5+ Bd7 10. Bxd7+ Kxd7 11. Bg3 Nf6 12. Nc3 h5 13. Nf3 h4 14.
Ne5+ Nxe5 15. Bxe5 Rh5 16. f4 Ng4 17. Bd4 h3 18. g3 a6 19. O-O-O Rc8 20. Kb1 b5 21. a3 Rc4 22. Rd2 Nf6 23. Bf2 Kd6 24. Rhd1 Ne4 25. Nxe4+ Rxe4 26. b4 g6 27. Bc5+ Kd7 28. Kc2 Bg7 29.
Rd3 Rc4+ 30. Kd2 g5 31. fxg5 Rxg5 32. Ke2 Re5+ 33. Kf2 Rf5+ 34. Kg1 Bb2 35. d6 e6 36.
R3d2 Bxa3 37. Rf2 Bxb4 38. Rxf5 Bxc5+ 39. Rxc5 Rxc5 40. Kf2 Rd5 41. Ra1 Rxd6 42. Kf3 Kc7 43. Kg4 b4 44. Kxh3 b3 45. Rb1 Rb6 46. Kg4 a5 47. h4 a4 48. h5 a3 49. h6 a2 50.
Rc1+ Rc6 51. h7 Rxc1 52. h8=Q a1=Q 53. Qf8 Qd4+ 54. Kg5 Qe5+ 55. Kg4 Qf5+ 56. Kh4 Rh1# 0-1

[Event "Late-Titled-Tuesday-Blitz-September-19-2023"]
[Site "Chess.com"]
[Date "2023.09.19"]
[Round "8"]
[White "Dewarfd"]
[Black "expii"]
[Result "0-1"]
[WhiteElo "2185"]
[BlackElo "2264"]
[TimeControl "180+1"]
[EndTime "15:27:20 PDT"]
[Termination "expii won on time"]

1. d4 d5 2. e3 e6 3. Nf3 c5 4. dxc5 Bxc5 5. a3 Nc6 6. b4 Bd6 7. Bb2 Nf6 8. Nbd2 a6 9. c4 O-O 10. Be2 Bc7 11. O-O Rb8 12. Rc1 Bd6 13. Qb3 Be7 14.
Rfd1 Bd7 15. Ne5 Nxe5 16. Bxe5 Rc8 17. Bxf6 Bxf6 18. cxd5 exd5 19. Qxd5 Bc6 20. Qh5 Qe7 21. Nf3 g6 22. Qh3 Bg7 23. Rc5 Rfd8 24. Rdc1 Rc7 25. b5 axb5 26. Bxb5 Rcd7 27. Bxc6 Rd1+ 28. Ne1 Qxc5 29. Rxd1 Rxd1 30. Qc8+ Bf8 31. h4 Rxe1+ 32. Kh2 Qxc6 33. Qg4 Bd6+ 34. f4 Rxe3 35. h5 Re4 36.
h6 Rxf4 37. Qg5 Rh4+ 38. Kg1 Qc5+ 0-1

[Event "Late-Titled-Tuesday-Blitz-September-19-2023"]
[Site "Chess.com"]
[Date "2023.09.19"]
[Round "8"]
[White "Ready4abattle"]
[Black "OYAcosta"]
[Result "1/2-1/2"]
[WhiteElo "2313"]
[BlackElo "2180"]
[TimeControl "180+1"]
[EndTime "15:27:21 PDT"]
[Termination "Game drawn by repetition"]

1. e4 c6 2. d4 d5 3. e5 Bf5 4.
Nd2 e6 5. Nb3 Nd7 6. Nf3 Ne7 7.
Be2 Ng6 8. O-O Be7 9. h3 Nh4 10.
Nxh4 Bxh4 11. c4 dxc4 12. Bxc4 Nb6 13. Be2 Nd5 14. Bf3 O-O 15. Nc5 b6 16. Ne4 Be7 17. Bd2 Qd7 18. Rc1 Rac8 19. Qa4 Rfd8 20. Rfd1 b5 21.
Qa5 Nb6 22. Nd6 Bxd6 23. exd6 Nc4 24. Qa6 Nxb2 25. Rf1 Nc4 26. Bb4 Nxd6 27. Bxc6 Qc7 28.
Ba5 Qb8 29. Bxd8 Rxd8 30. Bf3 Bd3 31. Rfd1 Bc4 32. d5 e5 33. a4 e4 34. Bg4 f5 35. Rxc4 bxc4 36. Bxf5 Nxf5 37. Qe6+ Kh8 38. Qxf5 Qb3 39. Re1 c3 40. Qxe4 h6 41. Rc1 Rxd5 42. Qe8+ Kh7 43. Qe4+ Kg8 44. Qe6+ Kh7 45. Qe4+ Kg8 46.
Qe8+ Kh7 47. Qe4+ 1/2-1/2

[Event "Late-Titled-Tuesday-Blitz-September-19-2023"]
[Site "Chess.com"]
[Date "2023.09.19"]
[Round "8"]
[White "Dhaydon19"]
[Black "Beca95"]
[Result "1-0"]
[WhiteElo "2698"]
[BlackElo "2851"]
[TimeControl "180+1"]
[EndTime "15:27:22 PDT"]
[Termination "Dhaydon19 won on time"]

1. d4 Nf6 2. Nf3 e6 3. c4 c5 4. e3 a6 5. Be2 d5 6. cxd5 exd5 7.
dxc5 Bxc5 8. O-O Nc6 9. a3 O-O 10. b4 Bd6 11. Bb2 Bc7 12. Nbd2 Qd6 13. Rc1 Bg4 14. g3 Bh3 15. Re1 Bb6 16. Nb3 Ne4 17. Bd3 Qe7 18. Bb1 Rfd8 19. Nbd4 Na7 20. Nd2 g6 21. Nxe4 dxe4 22. Qe2 Bxd4 23. Bxd4 Nc6 24. Bb2 h5 25. Rc5 f6 26. Qc4+ Kg7 27. Qxe4 Qxe4 28. Bxe4 Rd6 29. Bxc6 bxc6 30. Bd4 Re8 31. Rec1 Bd7 32.
f3 Kf7 33. Kf2 g5 34. Ra5 Bc8 35. h4 Kg6 36. Rcc5 g4 37. Rxh5 gxf3 38. Kxf3 Be6 39.
Rhc5 Bd5+ 40. Kf2 Rh8 41. Rxa6 Rh5 42. b5 Rf5+ 43. Ke1 Be4 44. Rxf5 Kxf5 45. b6 c5 46. b7 Rd8 47. Rxf6+ Kg4 48. Rf4+ Kh3 49. Rxe4 cxd4 50. Rxd4 Rb8 51. Rb4 1-0

[Event "Late-Titled-Tuesday-Blitz-September-19-2023"]
[Site "Chess.com"]
[Date "2023.09.19"]
[Round "8"]
[White "arminmusovic"]
[Black "valemava"]
[Result "1-0"]
[WhiteElo "2497"]
[BlackElo "2281"]
[TimeControl "180+1"]
[EndTime "15:27:23 PDT"]
[Termination "arminmusovic won by checkmate"]

1. a3 g6 2. Nc3 Bg7 3. e4 c5 4. Bc4 a6 5. d3 b5 6. Ba2 Nc6 7. Bg5 h6 8. Bh4 d6 9. Nge2 Nf6 10. O-O O-O 11. f4 Nd4 12. Nxd4 cxd4 13. Ne2 Qb6 14. h3 Ra7 15. Qd2 Rc7 16. Rf2 a5 17. Raf1 b4 18.
e5 Ne8 19. Ng3 bxa3 20. bxa3 Qb2 21. Bb3 Qxa3 22. f5 a4 23. f6 exf6 24. exf6 axb3 25.
fxg7 Kxg7 26. cxb3 Qc5 27. Bd8 Rd7 28. Ne4 Qe5 29.
Bh4 f5 30. Bg3 Qe6 31. Bf4 g5 32. Bh2 Qg6 33. Qb4 Rb7 34. Qxd4+ Kh7 35. b4 Qg7 36. Qxg7+ Kxg7 37. Nxd6 Nxd6 38. Bxd6 Rd8 39. Bc5 Rxd3 40. Re1 Kf7 41. Rfe2 f4 42. Re8 Rd1 43. Rf8+ Kg7 44.
Rxd1 Be6 45. Re8 Kf7 46. Rdd8 Kf6 47. Rd6 Kf5 48. Rdxe6 f3 49. g3 g4 50. h4 h5 51.
Re5+ Kf6 52. R8e6+ Kf7 53. Kf2 Rd7 54. Re7+ Rxe7 55.
Rxe7+ Kg6 56. Re4 Kf5 57. Re3 Kf6 58. b5 Kf5 59. b6 Kf6 60. b7 Kf5 61. Bb4 Kf6 62.
Be1 Kf5 63. b8=Q Kg6 64. Qb3 Kf5 65. Qd3+ Kf6 66. Re4 Kf5 67. Qd5+ Kf6 68. Re6+ Kg7 69. Qd7+ Kf8 70. Re8# 1-0